Map: Fields of Death

Players

PracticeX

  • Race: Terran Terran
  • League: Grandmaster
  • Spawn Location: 12:00

Ohm

  • Race: Terran Terran
  • Spawn Location: 12:00

Dreamer - Winner!

  • Race: Terran Terran
  • Spawn Location: 7:00

llllllllllll - Winner!

  • Race: Terran Terran
  • Spawn Location: 6:00

VOD

Have the link to the VOD?

Description

Time

  • Played on: April 2, 2017, 1:26 a.m.
  • Length: 20:01
Show
View Real Time Build Order
Export as new Build Order

PracticeX Terran 

Build Orders: 1/1/1, Cyclone Opening, Mech 

Get SALT Encoding   

  12  0:00  SCV  
  13  0:13  SCV  
  14  0:18  Supply Depot  
  14  0:25  SCV  
  15  0:30  Refinery  
  15  0:39  SCV  
  16  0:46  Barracks  
  16  0:51  SCV  
  16  0:55  Refinery  
  17  1:03  SCV  
  18  1:16  SCV  
  19  1:33  Orbital Command  
  19  1:34  Reaper  
  19  1:36  Factory  
  20  1:45  Supply Depot  
  20  1:59  SCV  
  21  2:06  Reaper  
  22  2:11  SCV  
  23  2:20  Cyclone  
  23  2:22  Starport  
  26  2:25  SCV  
  27  2:34  Supply Depot  
  27  2:37  SCV  
  27  2:38  Barracks Tech Lab  
  28  2:53  Cyclone  
  31  3:11  Banshee  
  33  3:27  Command Center  
  33  3:29  Cloaking Field  
  33  3:34  SCV  
  33  3:40  Supply Depot  
  34  3:44  Factory Tech Lab, Barracks Reactor  
  34  3:46  SCV  
  34  3:48  Supply Depot  
  35  3:54  Banshee  
  38  3:58  SCV  
  39  4:11  SCV  
  40  4:27  SCV  
  40  4:30  Command Center  
  41  4:36  Cyclone x2  
  47  4:52  SCV, Orbital Command  
  48  5:04  SCV  
  49  5:07  Starport Reactor  
  49  5:08  Factory  
  49  5:14  Hellion x2  
  53  5:16  SCV  
  54  5:23  SCV  
  55  5:28  SCV  
  55  5:35  SCV  
  57  5:37  Factory, Refinery  
  57  5:38  Refinery  
  57  5:40  SCV  
  55  5:46  Orbital Command  
  55  5:47  SCV  
  53  5:51  Viking  
  53  5:52  Viking  
  53  5:55  SCV  
  58  5:59  SCV  
  58  6:02  Hellion x2  
  63  6:08  Siege Tank  
  66  6:14  SCV x2  
  68  6:21  Viking  
  68  6:22  Viking  
  68  6:24  Supply Depot  
  70  6:39  Siege Tank, Hellion x2  
  74  6:41  SCV x2  
  74  6:42  SCV  
  77  6:48  Siege Tank, Engineering Bay  
  77  6:53  SCV x2  
  82  6:55  Supply Depot  
  82  6:57  Viking  
  82  6:58  Viking  
  82  7:09  Hellion x2  
  82  7:12  SCV  
  87  7:17  Infernal Pre-Igniter  
  87  7:21  Supply Depot  
  87  7:22  Armory, SCV  
  88  7:23  Supply Depot  
  88  7:28  Missile Turret  
  88  7:34  Missile Turret  
  88  7:39  Siege Tank  
  91  7:48  SCV x2  
  91  7:50  Orbital Command  
  93  7:52  Siege Tank  
  96  8:00  SCV  
  96  8:01  Supply Depot  
  96  8:02  Factory  
  97  8:05  Barracks Tech Lab  
  97  8:11  Missile Turret  
  97  8:13  Siege Tank  
  97  8:16  SCV x3  
  103  8:26  Refinery  
  103  8:27  Refinery  
  103  8:28  SCV  
  103  8:30  Hellion x2  
  108  8:35  SCV x2  
  110  8:41  Supply Depot  
  110  8:42  Viking x2  
  110  8:46  Terran Vehicle Weapons Level 1  
  114  8:58  Siege Tank, Hellion x2  
  114  9:01  Missile Turret  
  116  9:04  Siege Tank  
  116  9:09  Hellion  
  118  9:20  Viking x2  
  119  9:25  SCV, Supply Depot  
  120  9:36  SCV x2  
  120  9:37  SCV  
  123  9:48  SCV x2, Supply Depot x2  
  123  9:50  Viking, Supply Depot  
  127  9:53  Viking  
  127  9:56  Siege Tank  
  132  10:00  SCV, Supply Depot  
  133  10:10  Siege Tank x2, SCV  
  140  10:14  Hellion  
  140  10:20  Viking  
  144  10:23  Viking  
  140  10:40  Terran Vehicle And Ship Armor Level 1  
  140  10:41  Siege Tank  
  143  10:44  Thor x2  
  143  10:45  Hellion x2  
  149  11:10  Command Center  
  143  11:12  Viking  
  143  11:13  Siege Tank, Viking  
  143  11:17  Supply Depot  
  148  11:26  Hellion x2  
  148  11:27  Siege Tank  
  148  11:40  Siege Tank  
  148  11:42  Armory  
  148  11:45  Siege Tank, Viking  
  156  11:47  Viking  
  156  11:52  SCV x2  
  160  12:03  Thor  
  166  12:12  Siege Tank  
  166  12:13  Hellion, Refinery  
  171  12:16  Refinery  
  171  12:17  Supply Depot  
  171  12:20  Liberator  
  149  12:34  Siege Tank, Terran Vehicle Weapons Level 2  
  122  12:41  Factory, Hellion  
  122  12:43  Planetary Fortress  
  118  12:45  Hellion  
  118  12:50  Viking  
  122  12:57  Hellion  
  124  13:06  Siege Tank  
  127  13:13  Sensor Tower  
  127  13:15  Hellion x2  
  127  13:19  Siege Tank  
  134  13:20  Viking  
  134  13:24  Terran Vehicle And Ship Armor Level 2  
  136  13:29  Factory Tech Lab  
  136  13:34  SCV x3  
  138  13:40  Thor  
  145  13:47  SCV  
  146  13:49  Siege Tank  
  146  13:53  Hellion x2  
  153  13:58  Siege Tank  
  153  14:01  Viking  
  158  14:08  Viking  
  160  14:18  Hellion x2, Thor  
  170  14:24  Supply Depot  
  170  14:31  Starport  
  170  14:34  Siege Tank, Thor  
  179  14:40  Viking  
  181  14:48  Viking  
  181  14:49  Siege Tank  
  181  14:51  Terran Ship Weapons Level 1  
  186  15:01  Siege Tank  
  186  15:06  Hellion x2, Siege Tank  
  193  15:10  Viking  
  193  15:12  Viking  
  191  15:17  Hellion  
  191  15:18  Orbital Command  
  191  15:21  Supply Depot  
  188  15:24  Hellion  
  181  15:37  Command Center  
  181  15:42  Siege Tank x2  
  187  15:43  Supply Depot x2  
  187  15:53  Siege Tank  
  188  15:57  Liberator  
  188  15:58  Supply Depot x2  
  179  16:13  Thor  
  179  16:15  Viking x2  
  192  16:20  Siege Tank  
  195  16:26  Siege Tank  
  196  16:33  Siege Tank  
  199  16:40  Terran Vehicle And Ship Armor Level 3  
  199  16:45  Refinery  
  199  16:48  Refinery  
  199  17:01  Terran Vehicle Weapons Level 3  
  199  17:03  Liberator  
  199  17:15  Command Center  
  193  17:16  Hellion  
  193  17:17  SCV x2  
  193  17:22  Hellion  
  168  17:27  Siege Tank  
  136  17:35  Hellion  
  122  17:38  Planetary Fortress  
  122  17:42  Siege Tank  
  110  17:48  Siege Tank  
  113  17:57  Viking x2  
  117  18:05  Liberator  
  117  18:06  Siege Tank  
  117  18:08  Siege Tank  
  95  18:13  Hellion x2  
  91  18:23  Siege Tank  
  97  18:30  Siege Tank  
  100  18:34  Hellion  
  100  18:38  Hellion, Siege Tank  
  105  18:46  Hellion  
  107  18:55  Siege Tank  
  110  18:56  Hellion  
  110  19:02  Siege Tank  
  91  19:21  Hellion x3  
  97  19:25  Siege Tank  
  97  19:27  Siege Tank  
  102  19:34  Hellion  
Show
View Real Time Build Order
Export as new Build Order

Ohm Terran 

Build Orders: Reaper Expand, Bio Tank 

Get SALT Encoding   

  12  0:01  SCV  
  13  0:13  SCV  
  14  0:19  Supply Depot  
  14  0:25  SCV  
  15  0:34  Refinery  
  15  0:41  SCV  
  16  0:45  Barracks  
  16  0:53  SCV  
  17  1:05  SCV  
  18  1:17  SCV  
  19  1:33  Reaper, Orbital Command  
  20  1:47  Command Center  
  20  2:01  Factory, SCV  
  21  2:12  Barracks Reactor  
  21  2:14  SCV  
  22  2:18  Refinery  
  22  2:19  Supply Depot  
  22  2:26  SCV  
  23  2:41  SCV  
  24  2:46  Starport  
  24  2:50  Marine x2, Widow Mine  
  28  2:53  SCV  
  29  3:01  Orbital Command  
  29  3:05  SCV  
  30  3:08  Marine  
  30  3:09  Marine  
  32  3:17  SCV  
  33  3:22  Factory Tech Lab  
  33  3:23  Medivac  
  35  3:28  SCV  
  35  3:29  SCV  
  35  3:39  Marine x2  
  37  3:41  Siege Tank  
  37  3:46  SCV x2  
  42  3:51  Supply Depot  
  42  3:57  Marine x2  
  42  4:01  SCV  
  45  4:13  SCV, Viking  
  45  4:14  Supply Depot  
  45  4:15  SCV  
  49  4:21  Siege Tank  
  52  4:25  Marine x2  
  54  4:36  SCV x2  
  54  4:38  Supply Depot  
  56  4:51  Marine x2  
  56  4:52  SCV x2  
  50  4:54  Siege Tank  
  50  4:56  Viking  
  55  5:03  Supply Depot  
  55  5:04  SCV x2  
  57  5:10  Barracks  
  57  5:12  Barracks  
  57  5:16  SCV x2, Marine x2  
  61  5:26  Siege Tank  
  61  5:27  Supply Depot  
  61  5:28  Viking  
  66  5:36  Marine x2  
  66  5:37  SCV x2  
  70  5:45  Command Center  
  70  5:50  SCV x2, Supply Depot  
  70  5:54  Marine x2  
  74  5:58  Barracks Tech Lab  
  74  5:59  Barracks Reactor  
  74  6:02  SCV  
  74  6:03  SCV  
  76  6:07  Engineering Bay x2  
  76  6:11  Refinery x2  
  76  6:15  Viking  
  77  6:18  Stimpack  
  77  6:24  Marine x2  
  77  6:25  Marine  
  80  6:26  SCV x2  
  82  6:41  Marine x2  
  82  6:42  Siege Tank  
  82  6:43  SCV x2  
  82  6:46  Marine x3  
  92  6:47  Starport Reactor  
  92  6:51  Supply Depot  
  91  6:54  Terran Infantry Weapons Level 1  
  91  6:58  Supply Depot  
  91  6:59  Marine x2  
  93  7:04  Marine  
  94  7:12  Marine x2  
  94  7:13  Orbital Command  
  94  7:14  Terran Infantry Armor Level 1  
  96  7:17  Marine  
  96  7:20  Barracks  
  96  7:22  Barracks  
  97  7:28  Marine x2  
  97  7:29  Marine, Medivac  
  101  7:31  Medivac  
  101  7:34  SCV x2  
  101  7:35  Marine  
  101  7:36  Marine  
  108  7:43  Siege Tank  
  111  7:49  SCV x2  
  113  7:53  Orbital Command  
  113  7:57  Marine x5  
  118  8:01  Sensor Tower  
  118  8:14  Marine x2  
  118  8:15  Barracks Reactor, Marine, Sensor Tower  
  118  8:16  Barracks Reactor  
  118  8:18  SCV x2  
  118  8:19  Combat Shields, Supply Depot  
  123  8:21  Supply Depot  
  123  8:24  SCV  
  124  8:27  Armory  
  124  8:30  SCV  
  124  8:32  Marine x2  
  125  8:41  Siege Tank, SCV x2, Marine x2  
  132  8:42  Supply Depot  
  132  8:43  Supply Depot  
  132  8:48  Marine  
  133  8:49  Medivac x2  
  133  8:50  Marine x2  
  136  8:58  Marine  
  136  9:02  Marine x3  
  132  9:03  Marine x2  
  132  9:06  Marine  
  132  9:10  Marine x2  
  132  9:16  Marine  
  132  9:20  Marine x5  
  132  9:23  SCV x3  
  132  9:24  Marine  
  141  9:28  Marine x2  
  143  9:34  Marine  
  143  9:35  SCV x2  
  143  9:38  Marine x5  
  138  9:41  Marine  
  138  9:43  Siege Tank  
  143  9:46  Marine x2  
  143  9:51  Medivac x2  
  143  9:52  Marine  
  150  9:56  Marine x4  
  150  9:58  Supply Depot  
  154  10:03  Marine x2  
  154  10:04  Marine x2  
  159  10:07  SCV x2  
  159  10:10  Marine  
  159  10:13  Marine x2  
  163  10:14  Marine  
  163  10:15  Marine  
  163  10:20  Marine  
  163  10:21  Marine x2  
  167  10:22  Marine  
  167  10:24  Medivac x2  
  167  10:28  Marine  
  174  10:31  Marine x2  
  130  10:50  Marine x9  
  130  10:51  Siege Tank  
  130  10:56  Command Center  
  140  10:58  Medivac  
  142  11:07  Factory  
  142  11:08  Marine x5  
  147  11:15  Marine x4  
  151  11:25  Marine  
  151  11:26  Terran Infantry Weapons Level 2, Marine x4, Terran Infantry Armor Level 2  
  154  11:33  Marine x3  
  154  11:39  Marine  
  150  11:43  Marine x2, Medivac  
  150  11:44  Marine x3  
  157  11:51  Marine x3  
  144  11:57  Factory Tech Lab, Siege Tank, Marine  
  148  12:01  Terran Vehicle Weapons Level 1, Marine x4  
  148  12:03  Marine  
  153  12:08  Marine  
  153  12:09  Marine x2  
  153  12:14  Marine  
  157  12:19  Marine x4  
  157  12:21  Marine  
  162  12:23  Siege Tank  
  162  12:24  Medivac  
  162  12:26  Marine  
  162  12:27  Marine x2  
  170  12:32  Marine  
  171  12:37  Marine x4  
  171  12:38  Marine  
  171  12:42  Siege Tank  
  179  12:44  Marine x3  
  179  12:50  Planetary Fortress, Marine  
  183  12:55  Marine x4  
  183  12:56  Marine  
  188  13:02  Marine  
  189  13:08  Refinery x2  
  189  13:12  Marine x4  
  190  13:13  Siege Tank, Marine x2  
  196  13:46  Supply Depot  
  196  14:01  Marine  
  196  14:07  Marine x4  
  200  14:24  Terran Infantry Weapons Level 3, Terran Vehicle Weapons Level 2, Terran Infantry Armor Level 3  
  200  14:25  Barracks  
  200  14:27  Barracks x2  
  200  15:02  Command Center  
  200  15:04  Command Center  
  200  15:11  Marine  
  200  15:12  Marine x3  
  200  15:13  Medivac x2  
  199  15:14  Siege Tank  
  199  15:16  Siege Tank  
  189  15:26  Marine x2  
  189  15:27  Marine x3  
  191  15:29  Marine x3  
  191  15:30  Barracks Reactor x3, Marine  
  192  15:44  Marine x5  
  192  15:46  Marine  
  192  15:47  Marine x2  
  200  16:02  Marine  
  191  16:19  Marine  
  191  16:20  Marine x8  
  168  16:32  Marine x6  
  120  16:33  Siege Tank x2  
  120  16:34  Medivac x2  
  120  16:37  Marine x6  
  120  16:38  Marine x3  
  134  16:50  Marine x6  
  137  16:55  Marine x9  
  146  17:05  Siege Tank  
  146  17:06  Siege Tank  
  146  17:07  Medivac x2  
  146  17:08  Marine x6  
  156  17:13  Marine x9  
  157  17:26  Marine x6  
  115  17:31  Marine x9  
  115  17:43  Marine  
  115  17:44  Marine x5  
  90  17:48  Siege Tank, Marine  
  90  17:49  Marine x8  
  103  18:01  Marine x3  
  103  18:02  Marine x3  
  109  18:06  Marine x2  
  107  18:21  Orbital Command  
  107  18:26  Marine  
  107  18:27  Marine x2  
  108  18:32  Orbital Command  
  110  18:36  Marine  
  100  19:21  Marine x9  
  100  19:22  Marine x6, Orbital Command  
  81  19:39  Marine x6  
Show
View Real Time Build Order
Export as new Build Order

Dreamer Terran - Winner!

Build Orders: Reaper Expand, MMM Bio 

Get SALT Encoding   

  12  0:00  SCV  
  13  0:12  SCV  
  14  0:23  Supply Depot  
  14  0:25  SCV  
  15  0:30  Refinery  
  15  0:44  SCV  
  15  0:45  Barracks  
  16  0:56  SCV  
  17  1:09  SCV  
  18  1:21  SCV  
  19  1:32  Reaper  
  20  1:33  Orbital Command  
  20  1:46  Command Center  
  20  1:58  Supply Depot  
  20  2:04  SCV, Reaper  
  22  2:16  SCV  
  22  2:19  Barracks  
  23  2:27  Barracks  
  23  2:28  SCV  
  24  2:37  Barracks Reactor  
  24  2:40  SCV  
  25  2:50  Factory  
  25  2:51  Refinery  
  25  2:52  SCV  
  26  3:02  Orbital Command  
  26  3:04  SCV  
  27  3:10  Barracks Tech Lab  
  27  3:16  SCV  
  28  3:28  SCV  
  28  3:31  Marine x2  
  28  3:32  Stimpack, Marine x2  
  31  3:34  SCV  
  31  3:40  SCV  
  33  3:45  Engineering Bay  
  33  3:49  SCV, Marine x2  
  33  3:50  Marine  
  33  3:51  Marine  
  33  3:52  SCV  
  39  3:58  Starport  
  39  3:59  Factory Reactor  
  39  4:03  SCV  
  39  4:05  SCV  
  39  4:07  Marine  
  42  4:13  Missile Turret  
  42  4:15  SCV, Supply Depot  
  42  4:16  Reaper  
  44  4:18  SCV  
  45  4:25  Marine  
  46  4:33  Terran Infantry Weapons Level 1  
  46  4:36  SCV x2, Marine  
  49  4:48  SCV x2  
  50  4:52  Medivac  
  50  4:53  Factory Tech Lab, Medivac  
  50  4:57  Command Center  
  54  5:04  Supply Depot  
  54  5:18  Supply Depot  
  54  5:22  SCV  
  54  5:23  Marine  
  54  5:26  SCV, Marine x3  
  58  5:34  SCV  
  58  5:35  Engineering Bay  
  58  5:36  Barracks  
  58  5:37  Barracks  
  58  5:38  SCV  
  58  5:40  Marine  
  59  5:44  Marine  
  59  5:46  SCV  
  61  5:50  SCV  
  61  5:51  Combat Shields, Marine x2  
  67  5:57  Siege Tank  
  67  5:58  SCV, Marine  
  67  6:01  Marine  
  70  6:04  Terran Infantry Armor Level 1  
  70  6:07  Supply Depot  
  70  6:09  SCV, Supply Depot  
  70  6:10  SCV  
  72  6:12  Orbital Command  
  72  6:18  Marine  
  72  6:20  Barracks Reactor  
  72  6:21  SCV  
  72  6:23  SCV  
  73  6:33  SCV  
  73  6:35  SCV  
  73  6:36  Marine  
  73  6:37  Barracks Reactor  
  73  6:39  Barracks Reactor  
  74  6:42  Refinery  
  74  6:43  Orbital Command, Refinery  
  74  6:44  Marine x2  
  74  6:45  SCV  
  73  6:47  SCV  
  73  6:52  Medivac  
  73  6:53  Marine  
  76  6:57  SCV, Marine  
  76  6:58  Marine  
  76  6:59  Medivac  
  76  7:00  SCV  
  82  7:02  Marine x2  
  84  7:11  Marine  
  84  7:14  Marine x2  
  84  7:15  SCV x3, Marine x2  
  89  7:19  Marine x2  
  89  7:20  Marine x2  
  96  7:23  Barracks  
  96  7:24  Barracks  
  96  7:27  SCV x2  
  96  7:28  SCV  
  96  7:29  Marine  
  100  7:32  Marine  
  100  7:34  Armory  
  100  7:35  Supply Depot  
  100  7:36  Supply Depot x2  
  101  7:45  Command Center  
  101  7:56  Marine  
  101  7:57  Siege Tank, SCV x3  
  108  8:04  Supply Depot  
  108  8:05  Supply Depot x2  
  108  8:09  SCV x3  
  111  8:12  Sensor Tower  
  111  8:14  Marine x2  
  111  8:15  Barracks Reactor  
  111  8:16  Barracks Reactor  
  113  8:21  SCV x3, Missile Turret x2  
  113  8:22  Marine x2  
  113  8:23  Marine x2, Missile Turret  
  120  8:28  Terran Infantry Weapons Level 2  
  120  8:33  SCV x3  
  123  8:34  Terran Infantry Armor Level 2  
  123  8:35  Marine x4  
  123  8:41  Marine x2  
  128  8:45  SCV x2, Refinery  
  128  8:46  Refinery  
  128  8:47  Marine  
  128  8:48  Marine x2  
  124  9:04  Marine x4  
  124  9:05  Siege Tank, Medivac x2  
  124  9:06  SCV  
  124  9:07  SCV, Orbital Command  
  137  9:10  Marine x2  
  137  9:21  Marine x4  
  137  9:22  SCV  
  127  9:27  Terran Vehicle Weapons Level 1  
  127  9:28  Orbital Command  
  124  9:35  Medivac x2  
  124  9:36  Marine  
  124  9:38  Marine x3  
  129  9:39  Siege Tank, Marine x3  
  129  9:40  Marine x3  
  129  9:42  SCV  
  129  9:43  SCV  
  143  9:46  SCV  
  144  9:52  Missile Turret x2  
  144  9:53  SCV, Missile Turret  
  144  9:54  SCV  
  144  9:58  Marine x2  
  144  9:59  Marine x2  
  150  10:00  Marine x3  
  150  10:03  Marine x2  
  150  10:05  Medivac x2  
  159  10:14  Marine x2  
  159  10:15  Marine x2  
  159  10:17  Marine  
  164  10:25  Supply Depot  
  164  10:26  Supply Depot x2  
  164  10:28  Supply Depot  
  164  10:29  Command Center  
  164  10:37  Marine  
  164  10:38  Medivac, Marine  
  164  10:39  Siege Tank  
  122  10:45  Marine x2  
  122  10:46  Marine x7  
  122  10:47  Marine x2  
  112  10:50  Orbital Command  
  112  10:55  Marine  
  112  10:56  Marine  
  105  11:03  Marine x3  
  105  11:04  Marine x8  
  102  11:06  Factory x2  
  109  11:12  Command Center  
  109  11:13  Marine x2  
  111  11:21  Marine x4  
  111  11:22  Marine x7  
  122  11:31  Marine x2  
  121  11:39  Marine x6  
  120  11:40  Marine  
  120  11:41  Marine  
  120  11:44  Marine x2  
  126  11:51  Marine x2  
  125  11:54  Marine  
  125  11:56  Terran Infantry Weapons Level 3  
  125  11:57  Marine  
  125  11:59  Terran Infantry Armor Level 3  
  127  12:05  Factory Tech Lab  
  127  12:06  Factory Tech Lab  
  127  12:15  Marine x2  
  129  12:18  Marine x2  
  131  12:25  Marine x2  
  119  12:31  Marine x2  
  119  12:36  Orbital Command  
  90  12:39  Marine x6  
  90  12:40  Marine x3  
  90  12:42  Marine  
  90  12:43  Marine  
  100  12:49  Marine  
  101  13:00  Marine  
  101  13:01  Marine x3  
  101  13:05  Marine x2  
  106  13:09  Marine  
  106  13:10  Siege Tank  
  106  13:12  Siege Tank x2  
  117  13:18  Terran Vehicle Weapons Level 2  
  117  13:19  Marine x2  
  119  13:22  Marine  
  119  13:23  Marine x2  
  119  13:24  Marine x2  
  119  13:25  Marine x2  
  126  13:28  Marine x2  
  126  13:31  Refinery  
  126  13:32  Refinery  
  126  13:33  Sensor Tower  
  128  13:34  Planetary Fortress  
  128  13:36  Marine x2  
  128  13:37  Medivac x2  
  128  13:40  Marine x2  
  136  13:41  Marine x2  
  136  13:44  Marine x2  
  136  13:45  Marine x2  
  136  13:48  Marine x2  
  144  13:50  Marine  
  144  13:54  Marine x2  
  144  13:55  Siege Tank  
  150  13:58  Marine x2  
  150  13:59  Marine x2  
  150  14:00  Siege Tank  
  150  14:02  Marine x2  
  159  14:07  Medivac  
  161  14:10  Marine x2  
  161  14:16  Marine x2  
  165  14:18  Marine  
  165  14:20  Marine x2  
  165  14:21  Medivac  
  165  14:22  Siege Tank  
  173  14:26  Marine x2  
  173  14:27  Siege Tank  
  173  14:29  Marine  
  173  14:31  Marine  
  179  14:33  Siege Tank, SCV  
  179  14:34  SCV x2  
  179  14:36  Marine x3  
  189  14:46  Missile Turret  
  189  14:56  Marine x6  
  189  14:57  Marine x2  
  189  14:59  SCV x3  
  200  15:12  Marine  
  195  15:20  Marine  
  195  15:21  Marine x4  
  181  15:22  SCV  
  181  15:23  Siege Tank  
  181  15:25  Siege Tank, SCV  
  181  15:26  Siege Tank  
  188  15:30  Marine  
  188  15:32  Missile Turret  
  188  15:34  Marine x3  
  187  15:35  Terran Vehicle Weapons Level 3  
  187  15:36  Medivac  
  187  15:37  Medivac  
  185  15:55  Sensor Tower  
  185  15:58  Siege Tank x2  
  185  16:03  Marine x2  
  193  16:05  Marine  
  193  16:06  Marine x3  
  193  16:07  Marine  
  198  16:12  Missile Turret  
  198  16:13  Missile Turret  
  198  16:18  Marine  
  188  16:31  Marine x2  
  171  16:33  Marine x3  
  171  16:35  Marine x2  
  171  16:36  Marine x2  
  174  16:42  Marine x2  
  172  16:49  Siege Tank x2  
  178  16:59  Marine x3  
  181  17:04  Medivac x2  
  181  17:05  Siege Tank  
  188  17:10  Marine x2  
  188  17:14  Sensor Tower  
  190  17:18  Command Center  
  190  17:21  Siege Tank x2, Marine x3  
  199  17:28  Marine  
  181  17:30  Marine  
  181  17:31  Marine x2  
  181  17:32  Marine x2  
  176  17:38  Marine x3  
  176  17:39  Marine  
  154  17:45  Marine x2  
  154  17:46  Marine x2  
  154  17:48  Marine x2  
  154  17:50  Marine x2  
  162  17:52  Marine  
  162  17:56  Marine x2  
  137  18:17  Marine  
  137  18:18  Marine x3  
  141  18:21  SCV  
  142  18:34  SCV  
  143  18:36  Marine x2  
  145  18:42  Marine x2  
  145  18:46  SCV  
  148  18:49  Marine x3  
  148  18:52  Marine x6  
  148  18:54  Marine x2  
  159  18:58  SCV  
  159  18:59  Marine  
  159  19:00  Marine  
  162  19:07  Marine x3  
  162  19:09  Marine x2  
  165  19:10  SCV, Marine x2  
  165  19:16  Marine x2  
  144  19:32  Marine  
Show
View Real Time Build Order
Export as new Build Order

llllllllllll Terran - Winner!

Build Orders: Reaper Expand, Mech 

Get SALT Encoding   

  12  0:01  SCV  
  13  0:13  SCV  
  14  0:20  Supply Depot  
  14  0:25  SCV  
  15  0:30  Refinery  
  15  0:42  SCV  
  16  0:46  Barracks  
  16  0:54  SCV  
  17  1:06  SCV  
  19  1:18  SCV  
  19  1:34  Reaper, Orbital Command  
  20  1:47  Command Center  
  20  1:55  Factory  
  20  2:00  Refinery  
  20  2:04  SCV  
  20  2:07  Barracks Reactor  
  21  2:14  Supply Depot  
  21  2:18  SCV  
  22  2:30  SCV  
  23  2:40  Factory Tech Lab, Starport  
  23  2:44  Marine x2  
  23  2:46  SCV  
  26  2:59  SCV, Orbital Command  
  26  3:03  Siege Tank  
  30  3:11  Marine x2  
  32  3:20  Viking  
  34  3:27  SCV  
  35  3:35  Marine x2  
  39  3:41  Siege Tank  
  39  3:45  SCV x2  
  41  3:48  Supply Depot  
  41  3:56  Refinery  
  41  4:01  SCV  
  41  4:02  SCV  
  43  4:07  Viking  
  45  4:10  Viking  
  45  4:14  SCV  
  48  4:20  Supply Depot  
  48  4:27  Supply Depot x2  
  48  4:31  Supply Depot  
  47  4:47  Engineering Bay  
  47  4:49  Siege Tank, Viking  
  52  4:56  SCV  
  52  4:57  SCV  
  52  4:59  Viking  
  56  5:06  Supply Depot  
  56  5:12  SCV x2  
  58  5:15  Missile Turret  
  58  5:16  Missile Turret  
  58  5:19  Supply Depot  
  58  5:24  Siege Tank  
  58  5:27  SCV x2  
  60  5:55  SCV x2  
  60  5:56  Siege Tank  
  65  6:06  Command Center  
  65  6:08  Viking  
  67  6:18  SCV  
  67  6:19  SCV  
  67  6:21  Barracks Reactor, Supply Depot  
  69  6:27  Refinery  
  69  6:28  Siege Tank  
  69  6:31  Viking  
  74  6:41  SCV x2  
  76  6:47  Armory  
  76  6:51  Factory  
  76  6:56  SCV x2  
  76  7:00  Siege Tank  
  75  7:08  SCV  
  75  7:12  Viking x2  
  75  7:15  SCV  
  81  7:20  SCV  
  82  7:23  Factory  
  82  7:28  Barracks Tech Lab  
  82  7:34  Refinery  
  82  7:35  Siege Tank  
  85  7:37  Factory  
  85  7:41  Terran Vehicle Weapons Level 1  
  85  7:44  Orbital Command  
  85  7:46  SCV x2  
  85  7:50  Viking  
  89  7:54  Viking  
  89  7:58  SCV  
  92  8:10  SCV x3  
  92  8:11  Sensor Tower  
  92  8:12  Refinery  
  95  8:17  Hellion x2, Siege Tank  
  102  8:22  SCV x2  
  103  8:31  Factory Reactor  
  103  8:32  Siege Tank  
  104  8:35  Viking  
  104  8:37  Supply Depot  
  104  8:38  SCV x3  
  109  8:47  Hellion  
  109  8:52  Supply Depot  
  109  8:54  Supply Depot  
  109  8:58  Viking  
  109  8:59  Hellion  
  109  9:00  SCV  
  109  9:01  Factory  
  114  9:04  Infernal Pre-Igniter  
  114  9:05  Siege Tank  
  117  9:13  Armory  
  117  9:14  SCV x2  
  117  9:16  Supply Depot  
  119  9:19  Supply Depot  
  119  9:22  Supply Depot  
  119  9:29  Hellion x4  
  127  9:42  SCV  
  127  9:43  SCV  
  129  9:49  Supply Depot  
  129  9:50  Factory Tech Lab, Command Center  
  129  9:51  Siege Tank  
  132  9:53  Siege Tank, Supply Depot  
  135  10:01  Viking x2  
  139  10:10  Terran Vehicle Weapons Level 2, Supply Depot  
  139  10:11  Terran Vehicle And Ship Armor Level 1  
  139  10:13  Hellion  
  141  10:22  Siege Tank  
  141  10:24  Hellion  
  141  10:27  SCV x2  
  148  10:31  Viking  
  148  10:34  Viking  
  141  10:58  Siege Tank x2  
  141  10:59  Siege Tank, Hellbat x3  
  141  11:01  Viking  
  148  11:22  Hellbat x3  
  148  11:23  Hellbat  
  148  11:25  Viking  
  156  11:30  Siege Tank  
  165  11:36  Thor  
  158  11:49  SCV  
  158  11:51  SCV x2  
  164  12:01  Hellbat x4, SCV  
  164  12:02  Thor  
  164  12:03  SCV  
  164  12:04  Factory Tech Lab  
  174  12:24  Siege Tank  
  174  12:25  Siege Tank, Hellbat x2  
  181  12:42  Hellbat x2  
  185  12:45  Siege Tank  
  185  12:49  Terran Vehicle Weapons Level 3  
  188  12:55  SCV x2  
  188  12:57  Siege Tank x2  
  196  13:02  Supply Depot  
  196  13:03  Terran Vehicle And Ship Armor Level 2  
  196  13:09  Refinery  
  196  13:10  Refinery  
  196  13:22  Planetary Fortress  
  196  13:23  Viking x2  
  200  13:45  Sensor Tower  
  199  14:25  Command Center  
  199  14:37  Command Center  
  199  14:57  Viking x2  
  188  15:13  Missile Turret  
  188  15:17  Missile Turret  
  188  15:21  Refinery  
  188  15:24  Starport  
  188  15:25  Refinery  
  188  15:26  Starport  
  188  15:27  Terran Ship Weapons Level 1, Viking x2  
  192  15:33  Terran Vehicle And Ship Armor Level 3  
  192  15:39  Orbital Command  
  192  15:52  Orbital Command, Missile Turret  
  189  15:57  Viking x2  
  190  16:08  Command Center  
  178  16:13  Viking x2  
  182  16:27  Viking x2  
  186  16:34  Thor  
  186  16:35  Thor  
  195  16:43  Viking x2  
  199  17:13  Viking  
  179  17:16  Siege Tank  
  179  17:17  Hellbat x2  
  179  17:18  Siege Tank x2  
  141  17:23  Hellbat x2  
  141  17:24  Viking x2  
  141  17:27  Viking  
  134  17:43  Viking  
  130  17:48  Siege Tank  
  130  17:50  Siege Tank  
  136  17:54  Viking  
  138  18:13  Liberator  
  138  18:14  Liberator x3  
  137  18:21  Planetary Fortress  
  137  18:32  Siege Tank x3  
  137  18:33  Hellbat x3  
  163  18:56  Liberator  
  163  19:04  Siege Tank  
  163  19:07  Siege Tank x2  
  163  19:08  Hellbat x2  
Tags
 
Add a new tag
Caveats
  • Supply blocks, unpowered buildings, or Contaminate may cause inaccurate times.
  • Supply counts are checked every 10 seconds.